 Dungeon Crawl Stone Soup version 0.21-a0-352-g5b8f553 (webtiles) character file.

92 LOLbitch the Insei (level 4, -1/35 HPs)
             Began as a Demigod Transmuter on Oct 11, 2017.
             Slain by a goblin (3 damage)
             ... led by Robin
             ... on level 2 of the Dungeon.
             The game lasted 00:06:24 (1939 turns).

LOLbitch the Insei (Demigod Transmuter)             Turns: 1939, Time: 00:06:25

Health: -1/35      AC:  2    Str: 15    XL:     4   Next: 13%
Magic:  5/9        EV: 20    Int: 17    God:
Gold:   49         SH:  0    Dex: 21    Spells: 3/7 levels left

rFire    . . .     SeeInvis .     - Unarmed
rCold    + . .     Gourm    .   (shield currently unavailable)
rNeg     . . .     Faith    .   (armour currently unavailable)
rPois    x         Spirit   .   (helmet currently unavailable)
rElec    .         Reflect  .   (cloak currently unavailable)
rCorr    .         Harm     .   (gloves currently unavailable)
MR       .....                  (boots currently unavailable)
Stlth    ++........             (no amulet)
HPRegen  0.11/turn              g - ring of protection from cold
MPRegen  0.11/turn              h - -5 ring of slaying (curse)

@: spider-form (expiring)
A: high mp 1
a: End Transformation


You were on level 2 of the Dungeon.
You were not hungry.
You were a venomous arachnid creature.
You visited 1 branch of the dungeon, and saw 2 of its levels.

You collected 49 gold pieces.

Inventory:

Missiles
 a - 29 arrows
Armour
 b - a +0 robe (melded)
Jewellery
 g - a ring of protection from cold (left front leg)
 h - a cursed -5 ring of slaying (right front leg)
Wands
 i - a wand of polymorph (8/24)
Scrolls
 e - 2 scrolls of remove curse {unknown}
 k - a scroll of magic mapping {unknown}
Potions
 f - a potion of resistance {unknown}
 j - a potion of might {unknown}
Books
 c - a book of Changes

   Spells                             Type                      Level
   a - Beastly Appendage              Transmutation                1
   b - Sticks to Snakes               Transmutation                2
   c - Spider Form                    Transmutation/Poison         3
   d - Ice Form                       Ice/Transmutation            4
   e - Blade Hands                    Transmutation                5
Comestibles
 d - a bread ration


   Skills:
 + Level 1.1 Fighting
 + Level 2.1 Dodging
 + Level 1.0 Stealth
 * Level 3.8 Unarmed Combat
 + Level 2.0 Spellcasting
 + Level 2.1 Transmutations
 + Level 0.1 Poison Magic


You had 3 spell levels left.
You knew the following spells:

 Your Spells              Type           Power        Failure   Level  Hunger
a - Beastly Appendage     Tmut           #.....       21%         1    #......
b - Spider Form           Tmut/Pois      #.........   56%         3    ###....


Dungeon Overview and Level Annotations

Branches:
Dungeon (2/15)

Annotations:
D:2 Robin


Innate Abilities, Weirdness & Mutations

You have an increased reservoir of magic. (+10% MP)


Message History

You are too injured to fight recklessly!
Casting: Beastly Appendage
Confirm with . or Enter, or press ? or * to list all spells.
Your talons disappear.
You turn into a venomous arachnid creature.
Your +0 robe melds into your body.
The goblin barely misses you. The goblin misses you.
You hit the goblin but do no damage.
The goblin is poisoned.
The goblin completely misses you. The goblin hits you with a club.
* * * LOW HITPOINT WARNING * * *
You completely miss the goblin. The goblin hits you.
* * * LOW HITPOINT WARNING * * *
The goblin hits you but does no damage.
You barely miss the goblin. The goblin completely misses you.
Okay, then.
Unknown command.
You closely miss the goblin.
Your transformation is almost over.
The goblin closely misses you. The goblin hits you.
You die...

.....##.####.# #.##..#.......
.....##.####.####.##..#.......
.....##...........##...#
.....#######.#######.#.#
.....#######.#######.#.#
.................)...#.#
.........######.)#...#.#
.#'###### ##g#...#.# '#'.....#
#s#....<# ........# #g#####.#
........#......gSg.......
.......##......gg...##.##.
.......# ...........'. .
.......# ...........##.#
.......# ...........' #
######## ...........##
...........#


You could see Robin, an adder, a hobgoblin and 4 goblins.

Vanquished Creatures
  Terence (D:2)
  A gnoll (D:1)
  An adder (D:2)
  An ooze (D:2)
  2 dart slugs (D:2)
  2 leopard geckos (D:2)
  A giant cockroach (D:2)
  6 goblins
  6 hobgoblins
  A jackal (D:1)
  A quokka (D:2)
  4 bats
  5 frilled lizards
  4 kobolds
  5 rats
41 creatures vanquished.

Notes
Turn   | Place    | Note
-------+----------+-------------------------------------------
     0 | D:1      | LOLbitch the Demigod Transmuter began the quest for the Orb.
     0 | D:1      | Reached XP level 1. HP: 15/15 MP: 5/5
   107 | D:1      | Reached skill level 3 in Unarmed Combat
   222 | D:1      | Reached XP level 2. HP: 14/22 MP: 5/7
  1003 | D:2      | Reached XP level 3. HP: 21/27 MP: 6/8
  1092 | D:2      | Reached skill level 1 in Fighting
  1388 | D:2      | Learned a level 3 spell: Spider Form
  1765 | D:2      | Noticed Terence
  1790 | D:2      | Killed Terence
  1790 | D:2      | Reached XP level 4. HP: 32/35 MP: 6/9
  1874 | D:2      | Reached skill level 1 in Stealth
  1929 | D:2      | Noticed Robin
  1939 | D:2      | Slain by a goblin

Vault maps used:
D:1:      sevenhm_arrival_forest_fort_large_1
D:2:      lemuel_upstairs_altar, roderic_nine_men_s_morris, uniq_robin,
          uniq_terence

Skill      XL: |  1  2  3  4 |
---------------+-------------+-----
Unarmed Combat | 3 |  3.8
Fighting       | 1 |  1.1
Spellcasting   | 2 |  2.0
Transmutations | 2 |  2.1
Dodging        | 2 |  2.1
Stealth        | 1 |  1.0
Poison Magic   | |  0.1

Action                   |  1- 3 |  4- 6 || total
-------------------------+-------+-------++-------
Melee: Unarmed           |   143 |    40 ||   183
       Kick              |    16 |     2 ||    18
       Punch             |     1 |       ||     1
       Headbutt          |     3 |       ||     3
 Cast: Beastly Appendage |    13 |     2 ||    15
       Spider Form       |     2 |     2 ||     4
  Use: Potion            |     2 |       ||     2
       Scroll            |     1 |       ||     1
 Stab: Sleeping          |     3 |       ||     3
       Distracted        |     1 |       ||     1
  Eat: Bread ration      |     1 |       ||     1
Armor: Robe              |    30 |     2 ||    32
       Skin              |     2 |     3 ||     5
Dodge: Dodged            |   114 |    29 ||   143

Table legend:
 A = Spawn XP
 B = Non-spawn XP
 C = Spawn XP percentage of total XP
 D = Spawn monster count
 E = Non-spawn monster count
 F = Spawn count percentage of total count
 G = Total turns spent on level
                    A         B        C        D         E        F      G
               +---------+---------+-------+---------+---------+-------+---------
         Total |       0 |     132 |   0.0 |       0 |      41 |   0.0 |  1939
               +---------+---------+-------+---------+---------+-------+---------
           D:1 |       0 |      36 |   0.0 |       0 |      16 |   0.0 |   638
           D:2 |       0 |      96 |   0.0 |       0 |      25 |   0.0 |  1301
               +---------+---------+-------+---------+---------+-------+---------
